[Event "Titled Tuesday Blitz March 14 Early 2023"]
[White "Buscar, Michael"]
[Black "Turzo, Attila"]
[WhiteFideId "2603616"]
[BlackFideId "704954"]
[WhiteElo "2010"]
[BlackElo "2525"]
[Result "1-0"]
[Round "04"]
[TimeControl "180+2"]
[Date "2023.03.14"]
[WhiteClock "0:00:09"]
[BlackClock "0:00:02"]

1. d4 Nf6 2. c4 c5 3. d5 b5 4. cxb5 a6 5. bxa6 g6 6. g3 Bg7 7. Bg2 d6 8. Nf3 O-O 9. Nfd2 Nxa6 10. Nc4 Nd7 11. O-O Nb4 12. a3 Nb6 13. Nbd2 Bf5 14. Nxb6 Bc2 15. Nxa8 Bxd1 16. axb4 Bxe2 17. Re1 Bd3 18. bxc5 dxc5 19. Ra7 Bf6 20. Ne4 Bxe4 21. Bxe4 Kg7 22. Be3 Qd6 23. Rc1 Qe5 24. Bf3 Qxb2 25. Rxc5 Qb1+ 26. Rc1 Qb8 27. Nc7 Qb2 28. Kg2 Rc8 29. Rc6 Rd8 30. Na6 Qe5 31. Nb4 Qb2 32. Rb7 h5 33. Rcb6 h4 34. Nc6 Qxb6 35. Nxd8 Qxd8 36. Ra7 Qc8 37. gxh4 Qf5 38. Ra4 Qd3 39. Rg4 Qc2 40. Rf4 Qc3 41. Rg4 Qc8 42. h5 Be5 43. hxg6 fxg6 44. Be4 g5 45. Rxg5+ Kf6 46. Rf5+ Kg7 47. Rxe5 Qc7 48. Rg5+ Kf6 49. Rg3 Qe5 50. Bf3 Qb2 51. Rg4 Kf5 52. Rf4+ Ke5 53. Bd4+ Qxd4 54. Rxd4 Kxd4 55. h4 1-0


[Site "https://www.chess.com"]

[Event "Titled Tuesday Blitz March 14 Early 2023"]
[White "Wartiovaara, Oliver"]
[Black "MunichMouse"]
[WhiteFideId "513024"]
[WhiteElo "2214"]
[BlackElo "2311"]
[Result "1-0"]
[Round "04"]
[TimeControl "180+2"]
[Date "2023.03.14"]
[WhiteClock "0:00:18"]
[BlackClock "0:00:16"]

1. e4 c5 2. c3 d6 3. d4 Nf6 4. dxc5 Nc6 5. Qd3 dxc5 6. Qxd8+ Nxd8 7. f3 e6 8. Be3 Be7 9. a4 O-O 10. Na3 Nd7 11. Ne2 f5 12. exf5 exf5 13. Nf4 Ne5 14. Nd5 Rf7 15. O-O-O Ne6 16. Nxe7+ Rxe7 17. Nc4 Nc6 18. Nd6 h6 19. Nxf5 Re8 20. Nd6 Re7 21. Bc4 Kh7 22. Rhe1 b6 23. Bd5 Bd7 24. Bf2 Rf8 25. Be4+ g6 26. Bg3 Kg7 27. Nc4 Kf6 28. Bd6 Ref7 29. Bxf8 Nxf8 30. Rxd7 Nxd7 31. Bxc6 Nb8 32. Bd5 Rd7 33. Be4 Na6 34. Kc2 Nc7 35. Rd1 Re7 36. Rd6+ Kf7 37. Bxg6+ Kg7 38. Be4 Ne6 39. g3 Ng5 40. Nd2 Nf7 41. Rd5 Ne5 42. f4 Ng4 43. Rd8 Nf2 44. Bf5 Re2 45. Rd7+ Kf6 46. Bd3 Nxd3 47. Kxd3 Rxh2 48. Ne4+ Kf5 49. Rh7 Rg2 50. Ke3 Rxb2 51. Rxh6 Rb3 52. Kf3 b5 53. g4# 1-0


[Site "https://www.chess.com"]

[Event "Titled Tuesday Blitz March 14 Early 2023"]
[White "Sovetbekova, Nurai"]
[Black "Baghdasaryan, Vahe"]
[WhiteFideId "13801910"]
[BlackFideId "13303139"]
[WhiteElo "1857"]
[BlackElo "2216"]
[Result "0-1"]
[Round "04"]
[TimeControl "180+2"]
[Date "2023.03.14"]
[WhiteClock "0:00:02"]
[BlackClock "0:00:10"]

1. d4 d5 2. c4 e6 3. Nc3 Be7 4. Nf3 Nf6 5. cxd5 exd5 6. Bg5 O-O 7. Qc2 c6 8. e3 Nbd7 9. Bd3 Re8 10. O-O Nf8 11. Rab1 a5 12. a3 Bg4 13. Ne5 Bh5 14. h3 Bg6 15. b4 axb4 16. axb4 Bxd3 17. Nxd3 Ne6 18. Bh4 b5 19. Ne2 Ne4 20. Bxe7 Qxe7 21. Nec1 N6g5 22. Nb3 Nxh3+ 23. gxh3 Qh4 24. Kh2 Re6 25. Rg1 Nxf2 26. Qxf2 Qh6 27. Nf4 Rf6 28. Qg3 g6 29. Nc5 Re8 30. Nd7 Rf5 31. Ne5 f6 32. Nxc6 Rg5 33. Qf2 Rf5 34. Qf3 g5 35. Qg2 Kh8 36. Nxd5 g4 37. Nde7 Rf2 38. Qxf2 Qxh3# 0-1


[Site "https://www.chess.com"]

[Event "Titled Tuesday Blitz March 14 Early 2023"]
[White "Levitan, Caleb Levi"]
[Black "Rodchenkov, Sergey D."]
[WhiteFideId "14332620"]
[BlackFideId "4168712"]
[WhiteElo "1963"]
[BlackElo "2277"]
[Result "0-1"]
[Round "04"]
[TimeControl "180+2"]
[Date "2023.03.14"]
[WhiteClock "0:00:06"]
[BlackClock "0:00:26"]

1. g3 d5 2. Bg2 Nf6 3. Nf3 c6 4. b3 Bf5 5. Bb2 h6 6. O-O Nbd7 7. d3 e6 8. Nbd2 Be7 9. e4 Bh7 10. Qe2 O-O 11. Rad1 a5 12. a4 Qc7 13. Rfe1 Rfc8 14. Nd4 Nf8 15. f4 Qd8 16. e5 Ne8 17. Bh3 c5 18. Nb5 Nc7 19. Nxc7 Qxc7 20. Qf3 c4 21. dxc4 dxc4 22. Nxc4 Bxc2 23. Rc1 Bh7 24. f5 Bc5+ 25. Kg2 Qc6 26. fxe6 Nxe6 27. Qxc6 Rxc6 28. Bg4 Ng5 29. h4 Ne6 30. Bf3 Rc7 31. Nd6 Rb8 32. Nb5 Rd7 33. Red1 Rxd1 34. Rxd1 Bc2 35. Rd7 Bxb3 36. Bxb7 Bxa4 37. Bc6 Bxb5 38. Bxb5 Rxb5 39. Bc3 a4 40. Rd5 Rb3 41. Ba1 a3 42. g4 Rb1 43. Bc3 Nf4+ 0-1


[Site "https://www.chess.com"]

[Event "Titled Tuesday Blitz March 14 Early 2023"]
[White "Wilson, Elvin"]
[Black "Degenbaev, Aziz"]
[WhiteFideId "2014874"]
[BlackFideId "13802640"]
[WhiteElo "2288"]
[BlackElo "2152"]
[Result "0-1"]
[Round "04"]
[TimeControl "180+2"]
[Date "2023.03.14"]
[WhiteClock "0:00:01"]
[BlackClock "0:00:05"]

1. c4 Nf6 2. g3 g6 3. Bg2 Bg7 4. Nc3 O-O 5. e4 d6 6. Nge2 e5 7. d3 Ne8 8. O-O f5 9. exf5 gxf5 10. f4 Nc6 11. Be3 Nf6 12. Kh1 Ng4 13. Bg1 Rb8 14. Qd2 h5 15. h3 Nh6 16. fxe5 dxe5 17. Rad1 h4 18. gxh4 Qxh4 19. Qe1 Qh5 20. Ng3 Qg6 21. Nd5 f4 22. Ne4 f3 23. Rxf3 Rxf3 24. Bxf3 Bxh3 25. Qg3 Qxg3 26. Nxg3 Rf8 27. Bg2 Bxg2+ 28. Kxg2 Rf7 29. Rf1 Rd7 30. Nh5 Kh8 31. Bh2 Ng4 32. Rh1 Rf7 33. Bg3 Kg8 34. Rh4 Nf6 35. Nhxf6+ Bxf6 36. Rg4+ Kf8 37. Bf2 Bd8 38. Be3 Ne7 39. Bh6+ Ke8 40. Ne3 Rh7 41. Bg5 Rg7 42. Bxe7 Rxg4+ 43. Nxg4 Bxe7 44. Nxe5 Bf6 45. d4 c5 46. Nf3 cxd4 47. Kf2 Kd7 48. Ke2 Kc6 49. b4 a5 50. a3 axb4 51. axb4 b5 52. c5 Kd5 53. Kd3 Bg7 54. Ng5 Bh6 55. Ne4 Bf4 56. Nf6+ Ke6 57. Nh5 Be3 58. Ke4 Bd2 59. Ng3 Bxb4 60. Kxd4 Be1 61. Ne4 b4 62. Kc4 Ke5 63. Nd6 Ke6 64. Nb5 Kd7 65. Nd4 Bc3 66. Ne2 Bd2 67. Nd4 Kc7 68. Nb3 Bc3 0-1


[Site "https://www.chess.com"]

[Event "Titled Tuesday Blitz March 14 Early 2023"]
[White "Martic, Ivan"]
[Black "Bolanos, Fernando"]
[WhiteFideId "929301"]
[BlackFideId "3304094"]
[WhiteElo "2360"]
[BlackElo "2166"]
[Result "1-0"]
[Round "04"]
[TimeControl "180+2"]
[Date "2023.03.14"]
[WhiteClock "0:01:11"]
[BlackClock "0:00:06"]

1. d4 Nf6 2. Bg5 Ne4 3. Bf4 c5 4. f3 Qa5+ 5. c3 Nf6 6. d5 e6 7. e4 exd5 8. exd5 d6 9. Na3 a6 10. Nc4 Qc7 11. a4 Be7 12. Ne2 O-O 13. g4 b6 14. Ne3 Bb7 15. c4 b5 16. b3 Re8 17. Kf2 Nbd7 18. Ng3 bxc4 19. bxc4 Ne5 20. Qc2 Nfd7 21. Nef5 Bf8 22. a5 Rab8 23. g5 Bc8 24. h4 Qb7 25. Be2 Qb2 26. Ra2 Qxc2 27. Rxc2 g6 28. Nh6+ Bxh6 29. gxh6 f6 30. Ne4 Nf7 31. Nxd6 Nxd6 32. Bxd6 Rb3 33. Ra1 Kf7 34. Raa2 Ne5 35. Bxc5 Bf5 36. Rcb2 Reb8 37. Bb6 Rxb2 38. Rxb2 Bd3 39. c5 Re8 40. c6 Nc4 41. Ra2 Bb1 42. Bxc4 Bxa2 43. Bxa2 Ke7 44. Bc5+ Kd8 45. d6 Re5 46. Bb6+ Kc8 47. d7+ Kb8 48. d8=Q# 1-0


[Site "https://www.chess.com"]

[Event "Titled Tuesday Blitz March 14 Early 2023"]
[White "Bruedigam, Martin"]
[Black "Martin, Lewis"]
[WhiteFideId "24608033"]
[BlackFideId "410551"]
[WhiteElo "2331"]
[BlackElo "2145"]
[Result "1-0"]
[Round "04"]
[TimeControl "180+2"]
[Date "2023.03.14"]
[WhiteClock "0:00:09"]
[BlackClock "0:00:10"]

1. d4 d5 2. c4 c6 3. Nf3 Nf6 4. Nc3 dxc4 5. a4 Bf5 6. Ne5 Nbd7 7. Nxc4 Nb6 8. Ne5 e6 9. g3 Bb4 10. Bg2 O-O 11. O-O Nbd5 12. Qb3 a5 13. Bd2 Qe7 14. Rfe1 Nxc3 15. bxc3 Bd6 16. e4 Bg4 17. h3 Bh5 18. g4 Bxe5 19. dxe5 Nxg4 20. hxg4 Bxg4 21. Bf4 Rab8 22. Re3 Bh5 23. Qb6 Qd8 24. Rb1 h6 25. Ree1 Qd3 26. Qd4 Qc2 27. Rec1 Qe2 28. Qe3 Qa2 29. Ra1 Qc4 30. Bf1 Qb3 31. Rcb1 Qc2 32. Rc1 Qb3 33. Rcb1 Qc2 34. Qd3 Qxd3 35. Bxd3 Rfd8 36. Bf1 Bf3 37. Re1 g5 38. Bc1 Kg7 39. Rb1 b6 40. Ba3 c5 41. Bc1 Rb7 42. Re3 Bg4 43. f3 Bh5 44. Kf2 Rd1 45. Ra1 Rbd7 46. Be2 Rh1 47. Kg2 Re1 48. Kf2 Rh1 49. Kg2 Re1 50. Bf1 Rdd1 51. Rxe1 Rxe1 52. Bb2 Rxa1 53. Bxa1 g4 54. f4 Bg6 55. Bd3 f6 56. exf6+ Kxf6 57. c4+ Ke7 58. Be5 Kd7 59. Kg3 h5 60. Kh4 Bh7 61. f5 exf5 62. exf5 Ke7 63. Kxh5 g3 64. Bxg3 Kf7 65. Bc7 Kf6 66. Bxb6 Ke5 67. Bxc5 Bg8 68. Kg4 Bf7 69. Kg5 Be8 70. f6 Bxa4 71. f7 1-0


[Site "https://www.chess.com"]

[Event "Titled Tuesday Blitz March 14 Early 2023"]
[White "Cheng, Xiao"]
[Black "Kornyukov, Alexey"]
[WhiteFideId "2022915"]
[BlackFideId "4150457"]
[WhiteElo "2465"]
[BlackElo "2352"]
[Result "1/2-1/2"]
[Round "04"]
[TimeControl "180+2"]
[Date "2023.03.14"]
[WhiteClock "0:00:20"]
[BlackClock "0:00:13"]

1. e4 c5 2. Nf3 Nc6 3. d4 cxd4 4. Nxd4 e5 5. Nb5 a6 6. Nd6+ Bxd6 7. Qxd6 Qe7 8. Qxe7+ Ngxe7 9. c3 O-O 10. Bc4 b5 11. Bb3 Bb7 12. O-O Rad8 13. a4 Na5 14. Bc2 Nc4 15. axb5 axb5 16. Na3 Nxa3 17. Rxa3 d5 18. Ra7 Rb8 19. exd5 Nxd5 20. Be4 Rfd8 21. h3 Bc6 22. Ra6 Bb7 23. Ra5 Nxc3 24. Bxb7 Ne2+ 25. Kh2 Rxb7 26. Be3 Nd4 27. Rd1 f5 28. Bxd4 exd4 29. Rd3 Kf7 30. Ra6 g6 31. Kg3 Rc7 32. Rb6 Rc5 33. Kf4 h6 34. g4 fxg4 35. hxg4 Rc2 36. Rxb5 Rxf2+ 37. Kg3 Rf6 38. Rb7+ Kg8 39. b4 h5 40. gxh5 gxh5 41. b5 Re6 42. b6 Re5 43. Rc7 Rb5 44. b7 Kf8 45. Kf4 Ke8 46. Rg3 Kf8 47. Rgg7 d3 48. Rh7 Kg8 49. Rcg7+ Kf8 50. Rc7 Kg8 51. Rhg7+ Kf8 52. Rcf7+ Ke8 53. Rc7 Kf8 1/2-1/2


[Site "https://www.chess.com"]

[Event "Titled Tuesday Blitz March 14 Early 2023"]
[White "Pham, Le Thao Nguyen"]
[Black "Chakravarthi Reddy, M"]
[WhiteFideId "12401226"]
[BlackFideId "25009532"]
[WhiteElo "2282"]
[BlackElo "2201"]
[Result "1/2-1/2"]
[Round "04"]
[TimeControl "180+2"]
[Date "2023.03.14"]
[WhiteClock "0:00:02"]
[BlackClock "0:00:04"]

1. Nf3 d5 2. d4 Nf6 3. c4 c6 4. Nc3 e6 5. e3 Nbd7 6. Qc2 Bd6 7. b3 O-O 8. Bb2 b6 9. cxd5 exd5 10. Bd3 c5 11. O-O Bb7 12. Nb5 Bb8 13. Ne5 a6 14. Na3 Bd6 15. f4 Rc8 16. Qe2 Ne4 17. Bxa6 Bxa6 18. Qxa6 c4 19. Nb5 Ra8 20. Qb7 Ndf6 21. bxc4 dxc4 22. Nxc4 Bb4 23. Ne5 Rc8 24. Rac1 Bd2 25. Rxc8 Bxe3+ 26. Kh1 Qxc8 27. Qxc8 Rxc8 28. g3 Rc2 29. Ba3 h5 30. Nf3 Ng4 31. d5 Rxa2 32. Bc1 Nef2+ 33. Kg2 Nd3+ 34. Kh3 Nxc1 35. d6 Ra8 36. d7 Rd8 37. Rd1 Ne2 38. Na7 Nf6 39. Re1 Rxd7 40. Nc6 Rc7 41. Nb4 Bd2 42. Rxe2 Bxb4 43. Rb2 Bc5 44. Rb5 g6 45. Ne5 Ng4 46. Nxg4 hxg4+ 47. Kxg4 Rd7 48. h4 Rd2 49. Rb3 Kg7 50. Rc3 Rd4 51. Rb3 Rb4 52. Rd3 Bd4 53. h5 gxh5+ 54. Kxh5 b5 55. g4 Rc4 56. g5 f6 57. g6 b4 58. Rf3 Rc3 59. Rf1 b3 60. Re1 Bc5 61. Rd1 b2 62. Rd7+ Kg8 63. Rb7 Rc2 64. Rb8+ Bf8 65. Rb7 Rh2+ 66. Kg4 Rg2+ 67. Kf5 Rc2 68. Kxf6 Rc6+ 69. Kg5 Rc5+ 70. f5 Rc2 71. f6 Rg2+ 72. Kf5 Rf2+ 73. Ke6 Re2+ 74. Kd5 Rd2+ 75. Ke4 Re2+ 76. Kd3 Rf2 77. g7 Bxg7 78. fxg7 Rf7 79. Rxb2 Kxg7 80. Re2 Rd7+ 81. Ke3 Re7+ 82. Kf2 Rf7+ 83. Kg2 1/2-1/2


[Site "https://www.chess.com"]

[Event "Titled Tuesday Blitz March 14 Early 2023"]
[White "Gajwa Ankit"]
[Black "Phillips, Rene"]
[WhiteFideId "5077834"]
[BlackFideId "2056275"]
[WhiteElo "2145"]
[BlackElo "2223"]
[Result "1-0"]
[Round "04"]
[TimeControl "180+2"]
[Date "2023.03.14"]
[WhiteClock "0:02:25"]
[BlackClock "0:01:25"]

1. c4 Nc6 2. Nc3 e5 3. g3 Bb4 4. Bg2 Bxc3 5. dxc3 d6 6. Nf3 Nf6 7. O-O O-O 8. Bg5 h6 9. Bxf6 Qxf6 10. Nd2 Bd7 11. e4 Qg6 12. Re1 f5 13. exf5 Bxf5 14. c5 Rad8 15. Qb3+ Kh7 16. Qxb7 Ne7 17. Qxc7 Rd7 18. Qa5 dxc5 19. Nc4 Bd3 20. Nxe5 Qf5 21. Nxd7 Qxf2+ 22. Kh1 Nf5 23. Qxc5 1-0


[Site "https://www.chess.com"]

[Event "Titled Tuesday Blitz March 14 Early 2023"]
[White "Miszler, Levente"]
[Black "Bennett, David"]
[WhiteFideId "763276"]
[BlackFideId "2028271"]
[WhiteElo "2176"]
[BlackElo "2131"]
[Result "1-0"]
[Round "04"]
[TimeControl "180+2"]
[Date "2023.03.14"]
[WhiteClock "0:00:52"]
[BlackClock "0:00:14"]

1. d4 d6 2. Nf3 e6 3. g3 Nd7 4. Bg2 Ne7 5. O-O g6 6. c4 Bg7 7. Nc3 O-O 8. e4 b6 9. Qc2 Bb7 10. Be3 h6 11. Rad1 a6 12. Nd2 c5 13. Nf3 Qc7 14. Qd2 Kh7 15. b3 Rfd8 16. d5 e5 17. Ne1 Rf8 18. f4 exf4 19. gxf4 f5 20. Kh1 fxe4 21. Bxe4 Nf5 22. Rg1 Rae8 23. Nf3 Nf6 24. Bxf5 gxf5 25. Nh4 Ne4 26. Nxe4 Rxe4 27. Rg3 Qe7 28. Ng6 Qe8 29. Nxf8+ Bxf8 30. Rdg1 b5 31. Qg2 Qf7 32. Bd2 bxc4 33. bxc4 h5 34. Bc3 Rxc4 35. Rd3 Rxc3 36. Rxc3 Bxd5 37. Rf3 Qb7 38. Qg6+ Kh8 39. Qxh5+ Qh7 40. Qxh7+ Kxh7 41. Kg2 Bh6 42. Rd1 Bxf3+ 43. Kxf3 Bf8 44. Rb1 Kg6 45. Rb6 Kf6 46. Rxa6 Ke6 47. Ra8 Be7 48. a4 d5 49. a5 c4 50. a6 c3 51. Rc8 Kd7 52. Rxc3 1-0


[Site "https://www.chess.com"]

[Event "Titled Tuesday Blitz March 14 Early 2023"]
[White "Fabris, Alberto"]
[Black "Jovic, Stanoje"]
[WhiteFideId "801348"]
[BlackFideId "905020"]
[WhiteElo "2193"]
[BlackElo "2236"]
[Result "0-1"]
[Round "04"]
[TimeControl "180+2"]
[Date "2023.03.14"]
[WhiteClock "0:00:35"]
[BlackClock "0:00:58"]

1. e4 c6 2. d4 d5 3. e5 c5 4. dxc5 e6 5. Be3 Ne7 6. Nf3 Nf5 7. Bg5 Qc7 8. Bd3 Bxc5 9. O-O Nc6 10. Qe2 Nfd4 11. Nxd4 Bxd4 12. Nc3 Qxe5 13. Qg4 h6 14. Bf4 Qf6 15. Nb5 e5 16. Qe2 Qxf4 17. Nc7+ Kd8 18. Nxa8 Bg4 19. Qe1 Kd7 20. c3 Bc5 21. b4 Bd6 22. b5 Na5 23. c4 e4 24. Qxa5 Qxh2# 0-1


[Site "https://www.chess.com"]

[Event "Titled Tuesday Blitz March 14 Early 2023"]
[White "Quispe Santacruz, Javier"]
[Black "Senft, Sean"]
[WhiteFideId "3800920"]
[BlackFideId "2044960"]
[WhiteElo "1875"]
[BlackElo "1989"]
[Result "0-1"]
[Round "04"]
[TimeControl "180+2"]
[Date "2023.03.14"]
[WhiteClock "0:01:58"]
[BlackClock "0:02:17"]

1. d4 d5 2. c4 c6 3. Nf3 Nf6 4. e3 a6 5. cxd5 cxd5 6. Nc3 Nc6 7. Bd3 Bg4 8. h3 Bh5 9. O-O e6 10. a3 Bd6 11. b4 O-O 12. Bb2 Rc8 13. Rc1 Bb8 14. Na4 Qd6 15. g3 Ne4 16. g4 Bg6 17. Kg2 f5 18. g5 Bh5 19. Bxe4 fxe4 0-1


[Site "https://www.chess.com"]

[Event "Titled Tuesday Blitz March 14 Early 2023"]
[White "Torres Dominguez, David"]
[Black "Bilan, Danila"]
[WhiteFideId "2220857"]
[BlackFideId "24161918"]
[WhiteElo "1999"]
[BlackElo "2182"]
[Result "1-0"]
[Round "04"]
[TimeControl "180+2"]
[Date "2023.03.14"]
[WhiteClock "0:00:12"]
[BlackClock "0:00:02"]

1. e4 c6 2. Nf3 d5 3. d3 Bg4 4. Be2 e6 5. Nfd2 Bxe2 6. Qxe2 Nf6 7. O-O Nbd7 8. b3 Bd6 9. Bb2 Qc7 10. Nf3 dxe4 11. dxe4 Ne5 12. Nbd2 O-O 13. Rae1 Rad8 14. h3 Nfd7 15. a4 Ng6 16. Qe3 Bc5 17. Qg5 h6 18. Qg4 e5 19. h4 Nf6 20. Qf5 Bd4 21. Bxd4 exd4 22. e5 Nh7 23. Nc4 Ne7 24. Qg4 Nc8 25. Nxd4 Qd7 26. Nf5 g6 27. Nxh6+ Kg7 28. Qxd7 Rxd7 29. Ng4 Re8 30. Nf6 Nxf6 31. exf6+ Kf8 32. Rxe8+ Kxe8 33. Re1+ Kf8 34. g4 b5 35. Ne5 Rc7 36. axb5 cxb5 37. c4 bxc4 38. Nxc4 Nd6 39. Nxd6 Kg8 40. g5 Kh7 41. Re7 Rc2 42. Rxf7+ Kg8 43. Rg7+ Kh8 44. Kg2 a5 45. Nf7# 1-0


[Site "https://www.chess.com"]

[Event "Titled Tuesday Blitz March 14 Early 2023"]
[White "Bongo Akanga Ndjila, Barthelemy"]
[Black "Matutururu, Maxman"]
[WhiteFideId "10609431"]
[BlackFideId "11004487"]
[WhiteElo "1768"]
[BlackElo "2443"]
[Result "0-1"]
[Round "04"]
[TimeControl "180+2"]
[Date "2023.03.14"]
[WhiteClock "0:00:05"]
[BlackClock "0:00:59"]

1. d4 Nf6 2. c4 e6 3. Nf3 b6 4. a3 Bb7 5. Nc3 d5 6. cxd5 exd5 7. Bg5 Be7 8. e3 O-O 9. Bd3 Nbd7 10. O-O a6 11. Rc1 h6 12. Bf4 c5 13. Bf5 c4 14. h3 b5 15. Qe2 Re8 16. Rfd1 Nb6 17. Qf1 Bc8 18. Bb1 Bb7 19. Re1 Ne4 20. Ne5 Nxc3 21. Rxc3 b4 22. Rcc1 bxa3 23. bxa3 Bxa3 24. Rc2 a5 25. Ra2 Bb4 26. Rd1 Rc8 27. Rc1 Nd7 28. Nxd7 Qxd7 29. g4 Ba6 30. Bf5 Re6 31. Qg2 c3 32. Bxe6 Qxe6 33. Qg3 Bc4 34. Rac2 Bb3 35. g5 Bxc2 36. Rxc2 Qg6 37. Rc1 h5 38. h4 Ba3 39. Qh3 Rc6 40. Ra1 c2 41. e4 c1=Q+ 42. Bxc1 Bxc1 43. Rxa5 Qxe4 44. Qd7 Qg4+ 45. Qxg4 hxg4 46. Kg2 Rd6 47. Kg3 Bb2 48. Ra4 Re6 49. Kxg4 Re4+ 50. Kg3 Bxd4 51. f3 Be5+ 52. f4 Bxf4+ 53. Kf3 Rxa4 0-1


[Site "https://www.chess.com"]

[Event "Titled Tuesday Blitz March 14 Early 2023"]
[White "Akhmedinov, Satbek"]
[Black "Larina, Maria"]
[WhiteFideId "13714287"]
[BlackFideId "24113182"]
[WhiteElo "2090"]
[BlackElo "1848"]
[Result "1-0"]
[Round "04"]
[TimeControl "180+2"]
[Date "2023.03.14"]
[WhiteClock "0:02:03"]
[BlackClock "0:00:45"]

1. e4 c6 2. d4 d5 3. exd5 cxd5 4. c4 Nf6 5. Nc3 e6 6. Nf3 Be7 7. Bd3 O-O 8. O-O dxc4 9. Bxc4 Nc6 10. Bg5 h6 11. Bh4 a6 12. a4 Nd5 13. Bxd5 Bxh4 14. Bxc6 bxc6 15. Ne5 Bd7 16. Ne4 Qc7 17. Qg4 Be7 18. Qg3 Rab8 19. Rac1 Be8 20. Nxc6 Qxg3 21. Nxe7+ Kh7 22. fxg3 Rxb2 23. Rc8 Rb4 24. Nd6 Rxd4 25. Nxe8 Rh8 26. Rxf7 Rg4 27. Nf6# 1-0


[Site "https://www.chess.com"]

[Event "Titled Tuesday Blitz March 14 Early 2023"]
[White "Lorenzo De La Riva, Lazaro"]
[Black "Ginzburg, Yakov"]
[WhiteFideId "2268809"]
[BlackFideId "4157176"]
[WhiteElo "2294"]
[BlackElo "2305"]
[Result "0-1"]
[Round "04"]
[TimeControl "180+2"]
[Date "2023.03.14"]
[WhiteClock "0:00:04"]
[BlackClock "0:00:05"]

1. e4 c5 2. Nf3 e6 3. d4 cxd4 4. Nxd4 Nf6 5. Bd3 Nc6 6. Nxc6 bxc6 7. Nc3 d5 8. O-O Bc5 9. Kh1 O-O 10. e5 Nd7 11. f4 f5 12. exf6 Nxf6 13. Qe2 Bd7 14. b3 e5 15. fxe5 Ng4 16. Bf4 Bd4 17. e6 Bxc3 18. Qxg4 Rxf4 19. Qxf4 Bxe6 20. Rad1 Qe7 21. Bf5 Bxf5 22. Qxf5 h6 23. Qf3 Qe5 24. Rd3 d4 25. Qxc6 Re8 26. Qf3 Kh8 27. h4 a5 28. h5 Qe7 29. Qf7 Qh4+ 30. Rh3 Qe4 31. Qf3 Qxc2 32. Qc6 Qe2 33. Rg1 Bd2 34. Qg6 Bg5 35. Rf3 Qe7 36. Rf7 Qe5 37. g3 Be3 38. Qxg7+ Qxg7 39. Rxg7 Kxg7 40. Rd1 d3 41. Kg2 d2 42. Kf3 Bg5 0-1


[Site "https://www.chess.com"]

[Event "Titled Tuesday Blitz March 14 Early 2023"]
[White "Jiganchine, Roman"]
[Black "Kalajzic, Ivan"]
[WhiteFideId "2603667"]
[BlackFideId "14506378"]
[WhiteElo "2316"]
[BlackElo "2203"]
[Result "1-0"]
[Round "04"]
[TimeControl "180+2"]
[Date "2023.03.14"]
[WhiteClock "0:00:11"]
[BlackClock "0:00:10"]

1. e4 Nc6 2. Nf3 d6 3. d4 Bg4 4. Be2 e5 5. d5 Nce7 6. c4 Nf6 7. Nc3 g6 8. O-O Bg7 9. Be3 O-O 10. b4 Ne8 11. c5 h6 12. Nd2 Bc8 13. Nc4 f5 14. f3 f4 15. Bf2 Rf7 16. Rc1 Bf8 17. a4 g5 18. b5 Ng6 19. a5 dxc5 20. Qb3 Bd6 21. b6 cxb6 22. axb6 a6 23. Rfd1 h5 24. Na4 g4 25. Bxc5 gxf3 26. Bxf3 Bg4 27. Bxd6 Nxd6 28. Nxd6 Qxd6 29. Rc7 Nh4 30. Bxg4 hxg4 31. Rxf7 Kxf7 32. Qc4 Rd8 33. Qc7+ Rd7 34. Qxd6 Rxd6 35. Rc1 Ke7 36. Rc7+ Rd7 37. Nc5 Kd6 38. Rxd7+ Kxc5 39. Rxb7 f3 40. gxf3 Nxf3+ 41. Kf2 Nd2 42. d6 Nxe4+ 43. Ke3 Nxd6 44. Rd7 Nc4+ 45. Ke2 Nxb6 46. Rg7 Kd4 47. Rxg4+ e4 48. h4 Nd5 49. h5 Nc3+ 50. Ke1 Kd3 51. h6 e3 52. h7 Ne4 53. Rxe4 Kxe4 54. h8=Q Kd3 55. Qd8+ Ke4 56. Ke2 a5 57. Qe8+ Kd5 58. Qxe3 Kc4 59. Qa3 Kb5 60. Kd1 a4 61. Kc1 Kc4 62. Kb1 Kb5 63. Kb2 Ka5 64. Kc3 Kb5 65. Qb4+ Kc6 66. Qxa4+ Kd5 67. Qc4+ Kd6 68. Kd3 Ke5 69. Ke3 Kf5 70. Qe4+ Kg5 71. Qf4+ Kg6 72. Kf3 Kh7 73. Qg5 Kh8 74. Kf4 Kh7 75. Kf5 1-0


[Site "https://www.chess.com"]

[Event "Titled Tuesday Blitz March 14 Early 2023"]
[White "Samaganova, Aleksandra"]
[Black "Mohammad Fahad, Rahman"]
[WhiteFideId "13800221"]
[BlackFideId "10207791"]
[WhiteElo "1858"]
[BlackElo "2323"]
[Result "0-1"]
[Round "04"]
[TimeControl "180+2"]
[Date "2023.03.14"]
[WhiteClock "0:00:14"]
[BlackClock "0:00:08"]

1. c4 f6 2. Nc3 Nh6 3. g3 g6 4. Bg2 Bg7 5. e3 O-O 6. Nge2 Nf7 7. O-O e5 8. d4 d6 9. h3 Nc6 10. Rb1 Bf5 11. e4 exd4 12. Nxd4 Nxd4 13. Qxd4 Be6 14. b3 Qd7 15. Kh2 f5 16. Qd3 Ne5 17. Qc2 fxe4 18. Nxe4 Rae8 19. f4 Nc6 20. Ng5 Bf5 21. Be4 Rxe4 22. Nxe4 Re8 23. Re1 Nd4 24. Qg2 Rxe4 25. Rxe4 Qc6 26. Re8+ Qxe8 27. Rb2 Be4 28. Qf2 Nf3+ 29. Kh1 Ne1+ 30. Kh2 Nd3 31. Qe2 Nxc1 32. Rd2 Nxe2 33. Rxe2 c6 34. h4 d5 35. Rf2 d4 36. Rd2 d3 37. h5 Bc3 38. Rd1 Bf3 39. hxg6 Bxd1 40. gxh7+ Kxh7 41. Kh3 Qe2 42. Kh4 Qxa2 43. Kg5 Bh8 44. f5 Kg7 45. g4 Qxb3 46. f6+ Kf7 47. Kh6 a5 48. g5 Bxf6 49. c5 Bxg5+ 50. Kh7 a4 51. Kh8 a3 52. Kh7 a2 53. Kh8 Qb4 54. Kh7 Qxc5 55. Kh8 b5 56. Kh7 b4 0-1


[Site "https://www.chess.com"]

[Event "Titled Tuesday Blitz March 14 Early 2023"]
[White "Sadubayev, Airat"]
[Black "Zaksaite, Salomeja"]
[WhiteFideId "13713264"]
[BlackFideId "12801496"]
[WhiteElo "2129"]
[BlackElo "2059"]
[Result "0-1"]
[Round "04"]
[TimeControl "180+2"]
[Date "2023.03.14"]
[WhiteClock "0:00:02"]
[BlackClock "0:00:03"]

1. d4 Nf6 2. c4 g6 3. Nc3 Bg7 4. e4 d6 5. f3 O-O 6. Be3 c5 7. Nge2 b6 8. Qd2 cxd4 9. Nxd4 Bb7 10. Be2 Nc6 11. O-O Nxd4 12. Bxd4 Rc8 13. Nd5 e5 14. Be3 Nxd5 15. cxd5 f5 16. Rac1 Qd7 17. a4 Rxc1 18. Rxc1 Rc8 19. Bb5 Qd8 20. Bc6 Ba6 21. b4 Rc7 22. b5 Bc8 23. Bg5 Bf6 24. Be3 fxe4 25. fxe4 Rf7 26. Rf1 Bg7 27. Rxf7 Kxf7 28. Bg5 Bf6 29. Qf2 Kg7 30. Bd2 Bg5 31. Be8 Bxd2 32. Qf7+ Kh6 33. Qf8+ Kg5 34. g3 Be3+ 35. Kg2 Qc7 36. h4+ Kh5 37. Qf3+ Bg4 38. Qxe3 Qc2+ 39. Qf2 Qxf2+ 40. Kxf2 Bd1 41. Ke3 Bxa4 42. Bc6 Kg4 43. Kf2 g5 44. hxg5 Kxg5 45. Kf3 h6 46. Kf2 Bc2 47. Kf3 Bb1 48. Ke3 Bc2 49. Kf3 Bd3 50. Bd7 a5 51. bxa6 Bxa6 52. Ba4 b5 53. Bc2 b4 54. Bb3 Bd3 55. Ke3 Bb1 56. Kf3 h5 57. Ke3 Kg4 58. Kf2 h4 59. gxh4 Kxh4 60. Ke3 Kg3 0-1


[Site "https://www.chess.com"]

[Event "Titled Tuesday Blitz March 14 Early 2023"]
[White "Zaichenko, Daria"]
[Black "Odegov, Artem"]
[WhiteFideId "4197453"]
[BlackFideId "34183644"]
[WhiteElo "2039"]
[BlackElo "2300"]
[Result "1-0"]
[Round "04"]
[TimeControl "180+2"]
[Date "2023.03.14"]
[WhiteClock "0:00:10"]
[BlackClock "0:00:04"]

1. e4 e6 2. d4 d5 3. Bd3 dxe4 4. Bxe4 Nf6 5. Bf3 c5 6. c3 Nc6 7. Ne2 cxd4 8. cxd4 Be7 9. Nbc3 O-O 10. O-O Bd7 11. Bf4 Rc8 12. h3 Qa5 13. Ng3 Rfd8 14. Nce2 Nb4 15. a3 Nbd5 16. Bd2 Qb6 17. b4 Bb5 18. Re1 Bc4 19. Ne4 Nxe4 20. Bxe4 Bf6 21. Bxd5 Bxd5 22. Be3 Qd6 23. Nf4 a6 24. Qg4 g6 25. Nh5 Bh8 26. Bf4 Qe7 27. Be5 Rc4 28. Nf4 Bxe5 29. Rxe5 Rxd4 30. Nxg6 Rxg4 31. Nxe7+ Kf8 32. hxg4 Kxe7 33. Rc1 Kd6 34. Rh5 Rh8 35. f3 b6 36. Kf2 f6 37. f4 Rg8 38. Kg3 Rg7 39. Rc3 e5 40. Rh6 Be6 41. Rxf6 Rxg4+ 42. Kf3 Rg7 43. f5 Kd5 44. fxe6 e4+ 45. Kf4 Kd4 46. Re3 Kd5 47. Rxe4 Re7 48. Rf7 Kd6 49. Rxe7 Kxe7 1-0


[Site "https://www.chess.com"]